 Dungeon Crawl Stone Soup version 0.29-a0-307-gecccbbdb84 (webtiles) character file.

Game seed: 15865767296727501120

138 Murumi the Shield-Bearer (level 5, 42/42 HPs)
             Began as a Formicid Fighter on Mar 27, 2022.
             Was a Follower of Nemelex Xobeh.
             Quit the game on level 3 of the Dungeon.
             The game lasted 00:11:58 (4187 turns).

Murumi the Shield-Bearer (Formicid Fighter)         Turns: 4187, Time: 00:11:59

Health: 42/42      AC:  7    Str: 21    XL:     5   Next: 45%
Magic:  5/5        EV:  9    Int:  9    God:    Nemelex Xobeh [*.....]
Gold:   99         SH:  5    Dex: 10    Spells: 4/4 levels left

rFire   . . .      SeeInvis +   e - +0 whip
rCold   . . .      Faith    .   c - +1 buckler
rNeg    . . .      Spirit   .   b - +0 scale mail
rPois   +          Reflect  .   (helmet unavailable)
rElec   .          Harm     .   (no cloak)
rCorr   .          Rampage  .   (no gloves)
Will    +....                   (no boots)
Stlth   ..........              (no amulet)
HPRegen 0.14/turn               h - ring of poison resistance
MPRegen 0.09/turn               m - ring of willpower

@: no status effects
A: permanent stasis, dig shafts and tunnels, antennae 3, four strong arms
a: Dig, Shaft Self, Renounce Religion, Draw Escape, Draw Destruction, Draw
Summoning


You were on level 3 of the Dungeon.
You worshipped Nemelex Xobeh.
Nemelex Xobeh was aware of your devotion.
You visited 1 branch of the dungeon, and saw 3 of its levels.

You collected 126 gold pieces.
You spent 27 gold pieces at shops.

Inventory:

Hand Weapons
 a - a +0 flail
 e - a +0 whip (weapon)
Armour
 b - a +0 scale mail (worn)
 c - a +1 buckler (worn)
Jewellery
 h - a ring of poison resistance (left hand)
 l - a ring of protection from cold
 m - a ring of willpower (right hand)
Wands
 k - a wand of acid (14)
Scrolls
 f - 4 scrolls of identify
 n - a scroll of magic mapping
Potions
 d - a potion of might
 g - 3 potions of curing
 i - a potion of ambrosia
 j - a potion of brilliance
 o - a potion of attraction


   Skills:
 - Level 4.0 Fighting
 - Level 3.0 Maces & Flails
 - Level 4.0 Armour
 - Level 1.0 Dodging
 - Level 2.0 Stealth
 - Level 4.0 Shields
 + Level 1.6 Evocations


You had 4 spell levels left.
You didn't know any spells.
Your spell library was empty.

Dungeon Overview and Level Annotations

Branches:
Dungeon (3/15)

Altars:
Ashenzari
Hepliaklqana
Nemelex Xobeh

Shops:
D:3 (?*


Innate Abilities, Weirdness & Mutations

You cannot be hasted, slowed, berserked, paralysed or teleported.
You can dig through walls and to a lower floor.
You have a pair of large antennae on your head. (SInv)
Your four strong arms can wield two-handed weapons with a shield.


Message History

o - a fuming white potion Thank you for shopping at Viffirep's Assorted Antiques!
You can access your shopping list by pressing '$'.
As you read the scroll of identify, it crumbles to dust.
o - a potion of attraction You enter a teleport trap!
The teleport trap disappears.
There is a stone staircase leading up here.
There is a stone staircase leading up here.
Found an escape hatch in the ceiling.
Found a ring mail.
Found Loetan's Magic Scroll Shop.
Found Gelecastry's Weapon Boutique.
There is an entrance to Loetan's Magic Scroll Shop here.
You can access your shopping list by pressing '$'.
g - 3 potions of curing (gained 2)
There is an entrance to Gelecastry's Weapon Boutique here.
There is an entrance to Loetan's Magic Scroll Shop here.
You see here a +0 ring mail.
There is an escape hatch in the ceiling here.
Things that are here:
a +0 club; a +0 robe; an orc skeleton
There is a stone staircase leading down here.
There is a fountain of clear blue water here.
You now have enough gold to buy a scroll of enchant armour on this level.
You can access your shopping list by pressing '$'.
You now have 83 gold pieces (gained 15).
You open the door.
Found a faded altar of an unknown god.
There is an open door here.
Found a broken altar of Ashenzari.
You now have 99 gold pieces (gained 16).
Done exploring.
There is a faded altar of an unknown god here.
You cannot tell which god this altar belongs to.
Convert to them anyway?
Nemelex Xobeh accepts your prayer! Nemelex Xobeh welcomes you!
You can now draw from decks of power.
Nemelex will now gift you decks of power as you gain piety.
Nemelex Xobeh deals you some cards!
You now have 2 escape cards, 4 destruction cards and 1 summoning card.
Are you sure you want to abandon this character and quit the game? (Confirm with "yes".)

#.........#####...# #####
#.................#
##...###......#####......#
##.###......⌠.##,>.##.⌠...#
###.## ##.##...##,,...##....####
....# #.....#####....##......##
###.## ##.##.##8.8##....##.......
# ##.###.###.#.....#.....#.....##
# ##...## #.#..@..#.._..#.##..# #
##### #.#.....#....,#.....# #
#.##....##8.8##..#..# #
#..##....#####)).#..# #######
#...##.....##..).#..# ......#
##..⌠.##...##.⌠...#..# #####.#
#......##'##.........## #####.#
#......................
...##.#####.##...<))...........##


There were no monsters in sight!

Vanquished Creatures
  2 adders
  3 gnolls
  A worm (D:2)
  2 dart slugs
  10 orcs
  5 ball pythons
  6 bats
  4 endoplasms (D:1)
  5 giant cockroaches
  6 goblins
  4 hobgoblins
  9 jackals
  2 quokkas
  4 frilled lizards (D:1)
  6 kobolds
  3 rats
72 creatures vanquished.

Notes
Turn   | Place    | Note
-------+----------+-------------------------------------------
     0 | D:1      | Murumi the Formicid Fighter began the quest for the Orb.
     0 | D:1      | Reached XP level 1. HP: 18/18 MP: 1/1
   179 | D:1      | Reached XP level 2. HP: 24/24 MP: 2/2
   407 | D:1      | Reached XP level 3. HP: 21/30 MP: 3/3
  1594 | D:1      | Reached skill level 1 in Stealth
  1594 | D:1      | Reached XP level 4. HP: 8/30 MP: 4/4
  1876 | D:2      | Reached skill level 1 in Dodging
  2679 | D:2      | Reached XP level 5. HP: 19/38 MP: 5/5
  2927 | D:2      | Identified the +1 spear of Death {vorpal, Str+5 Int+3}
  3461 | D:3      | Reached skill level 1 in Evocations
  3624 | D:3      | Found a hazy altar of Hepliaklqana.
  3911 | D:3      | Found Viffirep's Assorted Antiques.
  3935 | D:3      | Bought a fuming white potion for 27 gold pieces
  4020 | D:3      | Found Loetan's Magic Scroll Shop.
  4023 | D:3      | Found Gelecastry's Weapon Boutique.
  4177 | D:3      | Found a faded altar of an unknown god.
  4180 | D:3      | Found a broken altar of Ashenzari.
  4186 | D:3      | Prayed at the altar of an unknown god.
  4186 | D:3      | Became a worshipper of Nemelex Xobeh the Trickster
  4186 | D:3      | Reached * piety under Nemelex Xobeh
  4186 | D:3      | Received a gift from Nemelex Xobeh
  4187 | D:3      | Quit the game

Illustrated notes

Levels and vault maps discovered:
D:1:      amcnicky_arrival_single_pillar, layout_basic, serial_rivers,
          chequers_serial_rivers_large_a, chequers_serial_rivers_micro_b,
          chequers_serial_rivers_small_3, chequers_serial_rivers_marsh,
          chequers_serial_rivers_marsh, chequers_serial_rivers_micro_e,
          palyth_stone_intersect, minivault_19, st_stairs_8
D:2:      layout_rooms
D:3:      layout_loops_ring, nicolae_overflow_hidden_temple,
          nicolae_overflow_ecumenical_swirl, serial_shops,
          nicolae_shop_advertising_works [nicolae_subvault_shop_adworks], shop,
          nicolae_shop_stone

Skill      XL: |  1  2  3  4  5 |
---------------+----------------+-----
Shields        | 4 |  4.0
Fighting       | 4 |  4.0
Armour         | 4 |  4.0
Stealth        | 1 2 |  2.0
Dodging        | 1 |  1.0
Maces & Flails | 3 |  3.0
Evocations     | 1 |  1.6

Action                   |  1- 3 |  4- 6 || total
-------------------------+-------+-------++-------
Melee: Whip              |   173 |   215 ||   388
       Flail             |     3 |       ||     3
 Abil: Dig               |     6 |       ||     6
  Use: Scroll            |     5 |     5 ||    10
Armor: Scale mail        |    84 |    73 ||   157
Dodge: Dodged            |    75 |    66 ||   141
Block: Buckler           |    38 |    30 ||    68

Table legend: (Time is in decaauts)
 A = Elapsed time spent in this place.
 B = Non-inter-level travel time spent in this place.
 C = Inter-level travel time spent in this place.
 D = Time resting spent in this place.
 E = Time spent auto-exploring this place.
 F = Levels seen in this place.
 G = Mean time per level.
                   A        B        C        D        E       F      G
               +--------+--------+--------+--------+--------+-----+--------+
         Total |   4222 |   4020 |    202 |     44 |   3212 |   3 | 1407.3 |
       Dungeon |   4222 |   4020 |    202 |     44 |   3212 |   3 | 1407.3 |
               +--------+--------+--------+--------+--------+-----+--------+

Top non-repeatable levels by time:
     D:1: 1711 daAuts
     D:2: 1539 daAuts
     D:3: 971 daAuts
